Map: Tourmaline LE

Players

SZNightMare (NightMare) - Winner!

  • Race: Protoss Protoss
  • League: Master
  • Spawn Location: 1:00

Kelazhur

  • Race: Terran Terran
  • League: Master
  • Spawn Location: 7:00

VOD

Have the link to the VOD?

Description

Time

  • Played on: Jan. 30, 2026, 7:48 a.m.
  • Length: 15:08
Show
View Real Time Build Order
Export as new Build Order

SZNightMare Protoss - Winner!

Build Orders: 1 Gate Expand, Phoenix Opening 

Get SALT Encoding   

  12  0:00  Probe  
  13  0:12  Probe  
  14  0:20  Pylon  
  14  0:24  Probe  
  15  0:35  Probe  
  15  0:39  Gateway  
  16  0:43  Probe  
  17  0:50  Assimilator  
  17  0:53  Probe  
  18  1:05  Probe  
  19  1:17  Probe  
  20  1:26  Cybernetics Core  
  23  1:35  Nexus  
  20  1:43  Pylon  
  20  1:45  Probe  
  21  1:52  Assimilator  
  21  1:54  Adept  
  21  1:57  Probe  
  23  2:09  Probe  
  23  2:15  Adept  
  24  2:21  Stargate  
  24  2:22  Probe  
  27  2:34  Probe, Warp Gate  
  28  2:46  Probe  
  29  2:53  Adept  
  29  2:56  Probe  
  29  2:58  Probe, Phoenix  
  33  3:11  Probe x2  
  37  3:19  Phoenix  
  35  3:23  Probe x2  
  37  3:35  Probe x2  
  37  3:40  Gateway  
  39  3:42  Twilight Council  
  39  3:48  Probe x2  
  41  3:54  Phoenix  
  43  3:57  Pylon  
  43  4:00  Probe x2  
  45  4:15  Nexus  
  45  4:18  Pylon  
  45  4:21  Probe  
  45  4:22  Probe  
  45  4:23  Adept, Charge  
  48  4:35  Phoenix  
  50  4:40  Probe x2  
  50  4:44  Assimilator  
  52  4:47  Gateway  
  52  4:50  Gateway  
  52  4:53  Probe x2  
  52  4:59  Pylon  
  54  5:05  Probe x2  
  56  5:17  Probe x2  
  56  5:24  Zealot x2  
  56  5:27  Robotics Facility  
  58  5:29  Probe  
  58  5:30  Gateway  
  58  5:32  Gateway  
  58  5:34  Phoenix  
  58  5:35  Gateway  
  59  5:39  Probe x2, Gateway  
  59  5:41  Probe  
  63  5:51  Probe x2  
  63  5:53  Sentry  
  64  5:58  Probe  
  64  6:01  Shield Battery  
  64  6:02  Zealot  
  64  6:03  Zealot x2  
  72  6:04  Probe x2  
  72  6:09  Pylon  
  72  6:11  Probe, Blink  
  74  6:16  Probe x2  
  76  6:23  Probe  
  76  6:25  Zealot x4  
  83  6:28  Probe  
  83  6:29  Zealot  
  83  6:30  Zealot  
  88  6:33  Zealot  
  88  6:36  Observer  
  93  6:42  Pylon x2  
  93  6:45  Pylon  
  77  6:55  Zealot x5  
  77  6:57  Immortal  
  77  7:00  Zealot x3  
  93  7:12  Pylon  
  93  7:19  Zealot x4  
  101  7:23  Zealot x2  
  101  7:26  Zealot  
  101  7:27  Zealot  
  101  7:29  Immortal  
  89  7:40  Stalker  
  89  7:41  Stalker  
  93  7:51  Probe x3  
  94  8:00  Robotics Bay  
  94  8:05  Zealot x7  
  104  8:07  Zealot  
  104  8:12  Probe  
  102  8:13  Probe x2  
  102  8:19  Forge  
  105  8:21  Assimilator  
  105  8:23  Pylon  
  105  8:28  Stalker x4  
  105  8:34  Colossus  
  111  8:40  Shield Battery  
  111  8:41  Pylon, Stalker x3  
  111  8:44  Stalker  
  124  8:59  Pylon  
  124  9:07  Nexus  
  124  9:08  Protoss Ground Weapons Level 1  
  124  9:10  Extended Thermal Lance  
  124  9:19  Shield Battery  
  124  9:20  Stalker x3  
  130  9:24  Robotics Facility  
  130  9:26  Colossus  
  130  9:28  Probe x3  
  133  9:37  Pylon  
  139  9:41  Sentry  
  141  9:47  Pylon  
  130  9:54  Stalker x4  
  134  10:03  Probe  
  134  10:04  Probe x2  
  135  10:11  Probe  
  135  10:12  Probe, Warp Prism  
  135  10:16  Probe, Observer  
  135  10:20  Probe x2  
  138  10:24  Probe  
  144  10:30  Shield Battery  
  144  10:33  Photon Cannon  
  144  10:34  Probe x3, Colossus  
  147  10:37  Zealot  
  147  10:38  Zealot x2  
  159  10:54  Probe x2  
  159  10:56  Pylon  
  161  10:58  Pylon  
  161  10:59  Disruptor, Protoss Ground Weapons Level 2  
  165  11:06  Pylon, Assimilator  
  165  11:10  Zealot x3  
  171  11:16  Photon Cannon  
  171  11:17  Stalker x2  
  175  11:19  Disruptor  
  175  11:30  Photon Cannon  
  175  11:33  Disruptor, Zealot x5  
  175  11:36  Pylon  
  185  11:41  Shield Battery  
  185  11:44  Shield Battery  
  185  11:49  Disruptor  
  185  11:52  Nexus  
  185  11:56  Shield Battery  
  185  11:57  Shield Battery  
  189  12:03  Disruptor  
  189  12:04  Phoenix  
  189  12:07  Gateway  
  195  12:17  Gateway  
  195  12:18  Gateway  
  195  12:20  Photon Cannon  
  195  12:22  Gateway  
  191  12:42  Pylon  
  191  12:43  Nexus  
  171  12:54  Stalker  
  171  12:56  Protoss Ground Armor Level 1  
  169  13:04  Zealot x4  
  169  13:05  Zealot x4  
  185  13:09  Forge  
  185  13:11  Dark Shrine  
  183  13:27  Zealot x4  
  183  13:28  Zealot x4  
  197  13:53  Zealot  
  188  14:08  Zealot x6  
  193  14:16  Zealot  
  193  14:17  Zealot x5  
  166  14:50  Zealot x12  
Show
View Real Time Build Order
Export as new Build Order

Kelazhur Terran 

Build Orders:  

Get SALT Encoding   

  12  0:00  SCV  
  13  0:12  SCV  
  14  0:16  Supply Depot  
  14  0:24  SCV  
  15  0:38  SCV  
  15  0:39  Barracks  
  16  0:44  Refinery  
  16  0:50  SCV  
  16  0:54  Refinery  
  17  1:02  SCV  
  18  1:14  SCV  
  19  1:27  Orbital Command, Reaper  
  19  1:29  Supply Depot  
  20  1:49  Factory  
  20  1:53  SCV  
  21  2:02  Barracks Reactor  
  21  2:05  SCV  
  22  2:18  SCV  
  23  2:23  Command Center  
  23  2:30  SCV  
  23  2:33  Hellion  
  26  2:37  Supply Depot  
  26  2:39  Reaper  
  26  2:41  Reaper  
  26  2:43  SCV  
  28  2:55  Hellion, SCV  
  30  3:08  Starport  
  30  3:12  SCV  
  31  3:22  Marine x2  
  31  3:23  Factory Tech Lab  
  32  3:30  SCV  
  32  3:45  SCV  
  32  3:48  Barracks  
  33  3:49  Barracks  
  33  3:51  Factory Tech Lab  
  33  3:56  Marine x2  
  33  3:57  Banshee  
  33  4:01  SCV  
  37  4:07  Orbital Command  
  37  4:11  Cyclone  
  37  4:13  SCV  
  37  4:16  Marine x2  
  41  4:25  SCV  
  41  4:28  Engineering Bay  
  41  4:34  SCV  
  41  4:37  SCV  
  43  4:39  Marine x2  
  45  4:46  SCV  
  46  4:53  SCV  
  46  4:57  Marine x2  
  46  4:58  SCV  
  46  4:59  Marine, Stimpack  
  51  5:02  Terran Infantry Weapons Level 1, Refinery  
  51  5:03  Supply Depot  
  51  5:05  SCV  
  52  5:11  SCV  
  53  5:17  SCV  
  52  5:23  SCV  
  52  5:27  Marine x2, Combat Shield  
  54  5:29  Factory Reactor, Starport Reactor, SCV  
  54  5:30  Marine x2  
  53  5:36  SCV  
  53  5:38  Supply Depot  
  54  5:43  SCV  
  54  5:48  Marauder  
  57  5:51  SCV, Marine x2  
  57  5:52  Marauder  
  59  5:58  SCV  
  59  6:02  Supply Depot, Refinery  
  60  6:05  SCV  
  60  6:06  Medivac x2, Widow Mine x2  
  60  6:09  Marine  
  70  6:16  Marine  
  70  6:20  Marine  
  70  6:22  Marine  
  70  6:23  SCV x2  
  72  6:26  Supply Depot  
  72  6:27  Command Center  
  72  6:30  Widow Mine  
  74  6:35  Marine x2, SCV  
  74  6:38  Marine  
  78  6:46  Marine  
  78  6:47  SCV, Medivac  
  77  6:48  Medivac  
  77  6:49  SCV  
  77  6:53  Marine  
  73  6:56  Marine x2  
  73  6:59  SCV  
  76  7:01  SCV  
  76  7:04  Marine  
  77  7:11  Marine, SCV  
  77  7:13  SCV, Marine  
  77  7:14  Marine  
  80  7:18  Terran Infantry Armor Level 1  
  80  7:22  Marine  
  79  7:23  SCV  
  79  7:25  SCV  
  79  7:28  Marine  
  76  7:31  Marine  
  76  7:32  Marine  
  76  7:35  SCV  
  68  7:37  SCV  
  68  7:39  Medivac  
  68  7:40  Medivac, Marine  
  74  7:46  Marine  
  74  7:47  SCV  
  74  7:49  Marine  
  74  7:50  SCV  
  76  7:54  Marine  
  76  7:57  Widow Mine x2  
  76  7:58  Marine  
  78  7:59  SCV  
  78  8:02  SCV  
  76  8:09  Medivac  
  76  8:11  SCV  
  76  8:12  Marine x3  
  74  8:14  Concussive Shells  
  74  8:19  Widow Mine x2  
  80  8:22  Marine  
  80  8:24  SCV  
  82  8:31  Marauder x2  
  86  8:45  Command Center  
  86  8:49  Supply Depot x2  
  86  8:58  Armory  
  86  9:00  Marine x2  
  86  9:01  SCV x2, Marauder x2  
  84  9:13  SCV x2  
  84  9:14  Barracks  
  84  9:15  Barracks  
  86  9:22  Marauder x2  
  90  9:25  SCV x2  
  90  9:27  Marine x2  
  94  9:34  Supply Depot  
  94  9:37  Widow Mine  
  96  9:43  Supply Depot  
  96  9:44  Marauder  
  98  9:50  Marauder  
  98  10:04  SCV  
  98  10:05  Barracks Tech Lab, Barracks Reactor  
  98  10:06  Marine x2, Marauder  
  98  10:11  Viking x2, Marauder  
  104  10:16  SCV  
  105  10:21  Terran Infantry Weapons Level 2  
  105  10:24  Ghost Academy  
  106  10:28  SCV  
  106  10:30  Marauder x2, Marine x2  
  112  10:39  Marauder  
  114  10:43  Viking  
  114  10:44  Viking  
  114  10:45  Marine  
  114  10:47  Marine  
  120  10:51  Orbital Command  
  120  10:54  SCV  
  121  10:59  Ghost  
  121  11:03  Ghost  
  123  11:04  Ghost  
  123  11:06  Marine  
  123  11:08  Marine  
  123  11:09  Marine  
  130  11:12  Marine  
  130  11:16  Viking  
  133  11:29  Supply Depot x2  
  133  11:30  Marine x2, Viking, SCV x3  
  140  11:38  Marine  
  141  11:45  Supply Depot  
  141  11:47  SCV  
  141  11:50  Ghost, Marine, Viking, SCV  
  141  11:51  Marauder x2, SCV  
  152  11:55  Refinery x2  
  152  11:58  Supply Depot  
  152  11:59  Supply Depot, Marine x2  
  152  12:00  Marine, Viking  
  157  12:08  Starport  
  157  12:10  SCV x2  
  157  12:12  Marauder  
  161  12:22  Medivac  
  162  12:30  Medivac  
  162  12:31  Marauder  
  161  12:38  Marauder  
  156  12:49  Marauder  
  148  12:51  Marine x2  
  148  12:52  Marauder  
  148  12:56  Viking  
  148  12:58  Viking x2  
  156  13:00  Viking  
  156  13:05  Marine x2, Marauder  
  161  13:09  Marine, Ghost  
  165  13:25  SCV x3  
  163  13:28  Viking  
  163  13:32  Supply Depot  
  163  13:33  Marine x4, Marauder x2  
  173  13:43  SCV  
  173  13:46  Marauder  
  170  13:51  Marine x2  
  170  13:54  Marine x2  
  170  13:55  Marauder x2  
  173  14:08  Marauder, Marine  
  156  14:15  Marine  
  156  14:16  Marauder x2  
  146  14:22  Marine x2  
  148  14:29  Marauder  
  143  14:35  Marine x2  
  143  14:37  Marauder  
  135  14:43  Marauder  
  111  14:49  Marine x2  
Tags
 
Add a new tag
Caveats
  • Supply blocks, unpowered buildings, or Contaminate may cause inaccurate times.
  • Supply counts are checked every 10 seconds.